 Dungeon Crawl Stone Soup version 0.23-a0-550-g7de1f8e (webtiles) character file.

351634 slphil the Eclecticist (level 22, -18/172 HPs)
             Began as a Gnoll Wizard on Dec 7, 2018.
             Was an Initiate of Gozag.
             Demolished by a juggernaut (36 damage)
             ... on level 2 of the Depths on Dec 9, 2018.
             The game lasted 07:19:00 (63008 turns).

slphil the Eclecticist (Gnoll Wizard)              Turns: 63008, Time: 07:19:01

Health: -18/172    AC: 34    Str: 16    XL:     22   Next: 23%
Magic:  20/60      EV: 15    Int: 35    God:    Gozag
Gold:   2389       SH: 21    Dex: 16    Spells: 4/52 levels left

rFire    + + .     SeeInvis .   T - +10 war axe "Kumnile" {elec, rElec rPois MR+ MP+9}
rCold    + + .     Gourm    .   i - +5 shield {AC+3}
rNeg     + . .     Faith    .   z - +8 chain mail {rC+}
rPois    +         Spirit   .   M - +3 hat of Pondering {ponderous, MR+ MP+10 Int+5}
rElec    +         Reflect  +   S - scarf {repulsion}
rCorr    .         Harm     .   x - +2 pair of gloves {archery}
MR       ++++.                  O - +2 pair of boots
Stlth    +++.......             V - amulet "Syoplawn" {Reflect rElec Str+2 SH+3}
HPRegen  0.38/turn              a - ring of wizardry
MPRegen  0.37/turn              o - ring of Voyrphef {rF+ rC+ rN+ MR+ Int+4}

@: gold aura, very slightly contaminated, invisible, repel missiles, slow
A: distributed training, fangs 1, thin skeletal structure 1, fire resistance 1,
subdued magic 1, strong nose
}: 2/15 runes: barnacled, gossamer
a: Potion Petition, Call Merchant, Bribe Branch, Renounce Religion


You were on level 2 of the Depths.
You worshipped Gozag.
Gozag was most pleased with you.
You were hungry.

You visited 8 branches of the dungeon, and saw 39 of its levels.
You also visited: Ice Cave and Desolation.

You collected 19166 gold pieces.
You spent 7813 gold pieces at shops.
You paid 8964 gold pieces to Gozag.

Inventory:

Hand Weapons
 c - a +9 hand crossbow of freezing
 C - the +8 whip "Snakebite" {curare, rPois}
   (You took it off an orc wizard on level 6 of the Dungeon)

   It poisons the flesh of those it strikes.
   It protects you from poison.
 T - the +10 war axe "Kumnile" (weapon) {elec, rElec rPois MR+ MP+9}
   (You found it on level 6 of the Lair of Beasts)

   Occasionally, upon striking a foe, it will discharge some electrical energy
   and cause terrible harm.
   It insulates you from electricity.
   It protects you from poison.
   It affects your resistance to hostile enchantments.
   It affects your magic capacity (+9).
Missiles
 y - 1233 bolts
 K - 51 javelins (quivered)
 X - 3 silver tomahawks
 Z - 33 tomahawks
Armour
 i - a +5 shield of protection (worn)
 x - a +2 pair of gloves of archery (worn)
 z - a +8 chain mail of cold resistance (worn)
 M - the +3 hat of Pondering (worn) {ponderous, MR+ MP+10 Int+5}
   (You bought it in a shop on level 1 of the Vaults)

   It affects your intelligence (+5).
   It affects your resistance to hostile enchantments.
   It affects your magic capacity (+10).
 O - a +2 pair of boots (worn)
 S - a scarf of repulsion (worn)
Jewellery
 a - a ring of wizardry (left hand)
 o - the ring of Voyrphef (right hand) {rF+ rC+ rN+ MR+ Int+4}
   (You acquired it on level 3 of the Vaults)

   [ring of protection from fire]

   It affects your intelligence (+4).
   It protects you from fire.
   It protects you from cold.
   It protects you from negative energy.
   It affects your resistance to hostile enchantments.
 L - the ring of Jaso {rElec rF+ rN+ MR+ Dex+2}
   (You bought it in a shop on level 1 of the Elven Halls)

   [ring of protection from fire]

   It affects your dexterity (+2).
   It protects you from fire.
   It insulates you from electricity.
   It protects you from negative energy.
   It affects your resistance to hostile enchantments.
 V - the amulet "Syoplawn" (around neck) {Reflect rElec Str+2 SH+3}
   (You found it on level 6 of the Lair of Beasts)

   [amulet of reflection]

   It shields you and reflects attacks.
   It affects your strength (+2).
   It insulates you from electricity.
   It affects your SH (+3).
Wands
 f - a wand of random effects (19)
 g - a wand of enslavement (9)
 m - a wand of polymorph (22)
 r - a wand of acid (58)
 B - a wand of digging (3)
 F - a wand of iceblast (55)
 P - a wand of paralysis (9)
 Q - a wand of disintegration (11)
 U - a wand of flame (36)
Scrolls
 e - 4 scrolls of blinking
 j - 5 scrolls of fog
 n - a scroll of enchant armour
 s - 2 scrolls of fear
 t - 3 scrolls of silence
 u - 14 scrolls of teleportation
 v - 7 scrolls of amnesia
 w - 12 scrolls of remove curse
 G - 3 scrolls of holy word
 N - 2 scrolls of identify
Potions
 b - a potion of magic
 h - 7 potions of agility
 k - 10 potions of curing
 l - 6 potions of ambrosia
 q - 2 potions of might
 A - 4 potions of flight
 D - 7 potions of berserk rage
 E - a potion of heal wounds
 H - 5 potions of invisibility
 I - 3 potions of resistance
 J - 3 potions of haste
 R - 3 potions of brilliance
Comestibles
 d - 15 rations


   Skills:
 + Level 14.2 Fighting
 + Level 14.2 Short Blades
 + Level 14.2 Long Blades
 + Level 14.2 Axes
 + Level 14.2 Maces & Flails
 + Level 14.2 Polearms
 + Level 14.2 Staves
 + Level 14.2 Slings
 + Level 14.2 Bows
 + Level 14.2 Crossbows
 + Level 14.2 Throwing
 + Level 14.2 Armour
 + Level 14.8 Dodging
 + Level 14.7 Stealth
 + Level 14.2 Shields
 + Level 14.2 Unarmed Combat
 + Level 15.5 Spellcasting
 + Level 12.4 Conjurations
 + Level 12.2 Hexes
 + Level 12.2 Charms
 + Level 12.4 Summonings
 + Level 12.2 Necromancy
 + Level 12.4 Translocations
 + Level 12.2 Transmutations
 + Level 12.2 Fire Magic
 + Level 12.2 Ice Magic
 + Level 12.2 Air Magic
 + Level 12.2 Earth Magic
 + Level 12.2 Poison Magic
 + Level 15.3 Invocations
 + Level 14.2 Evocations


You had 4 spell levels left.
You knew the following spells:

 Your Spells              Type           Power        Failure   Level  Hunger
a - Magic Dart            Conj           ####         1%          1    None
b - Mephitic Cloud        Conj/Pois/Air  ######..     1%          3    None
c - Conjure Flame         Conj/Fire      ######..     1%          3    None
d - Blink                 Tloc           N/A          1%          2    None
e - Fireball              Conj/Fire      ######....   1%          5    None
f - Throw Icicle          Conj/Ice       ######..     1%          4    None
g - Regeneration          Chrm/Necr      ######....   1%          3    None
h - Spectral Weapon       Hex/Chrm       ######..     1%          3    None
i - Vampiric Draining     Necr           ######....   1%          3    None
j - Summon Forest         Summ/Tloc      ######....   1%          5    None
k - Summon Ice Beast      Ice/Summ       ######..     1%          4    None
l - Cause Fear            Hex            ######....   1%          4    None
m - Summon Lightning Spi  Summ/Air       ######..     1%          4    None
n - Summon Butterflies    Summ           ######..     1%          1    None
o - Apportation           Tloc           ######       1%          1    None
p - Swiftness             Chrm/Air       ######..     1%          2    None

Your spell library contained the following spells:

 Spells                   Type           Power        Failure   Level  Hunger
 Animate Skeleton         Necr           N/A          1%          1    None
 Confusing Touch          Hex            ######       1%          1    None
 Corona                   Hex            ######.      1%          1    None
 Flame Tongue             Conj/Fire      #####        1%          1    None
 Freeze                   Ice            ####         1%          1    None
 Infusion                 Chrm           ####         1%          1    None
 Pain                     Necr           ####         1%          1    None
 Sandblast                Erth           ######       1%          1    None
 Summon Small Mammal      Summ           ####         1%          1    None
 Call Imp                 Summ           ######..     1%          2    None
 Corpse Rot               Necr           N/A          1%          2    None
 Ensorcelled Hibernation  Hex/Ice        ######       1%          2    None
 Passwall                 Tmut/Erth      ######..     1%          2    None
 Poisonous Vapours        Pois/Air       ######       1%          2    None
 Shroud of Golubria       Chrm/Tloc      ######....   1%          2    None
 Slow                     Hex            ######..     1%          2    None
 Song of Slaying          Chrm           ######..     1%          2    None
 Throw Frost              Conj/Ice       ######       1%          2    None
 Call Canine Familiar     Summ           ######..     1%          3    None
 Confuse                  Hex            ######..     1%          3    None
 Dazzling Spray           Conj/Hex       ######       1%          3    None
 Gell's Gravitas          Tloc           ######....   1%          3    None
 Ignite Poison            Fire/Tmut/Pois ######..     1%          3    None
 Lesser Beckoning         Tloc           ######....   1%          3    None
 Ozocubu's Armour         Chrm/Ice       ######..     1%          3    None
 Stone Arrow              Conj/Erth      ######       1%          3    None
 Summon Guardian Golem    Hex/Summ       ######..     1%          3    None
 Tukima's Dance           Hex            ######..     1%          3    None
 Animate Dead             Necr           N/A          1%          4    None
 Leda's Liquefaction      Hex/Erth       ######....   1%          4    None
 Passage of Golubria      Tloc           N/A          1%          4    None
 Petrify                  Tmut/Erth      ######..     1%          4    None
 Alistair's Intoxication  Tmut/Pois      ######..     1%          5    None
 Lee's Rapid Deconstruct  Erth           ######....   1%          5    None
 Metabolic Englaciation   Hex/Ice        ######....   1%          5    None
 Silence                  Hex/Air        ######....   1%          5    None
 Yara's Violent Unravell  Hex/Tmut       ######....   1%          5    None
 Bolt of Fire             Conj/Fire      ######....   4%          6    #......
 Darkness                 Hex            ######....   4%          6    #......
 Deflect Missiles         Chrm/Air       ######....   4%          6    #......
 Freezing Cloud           Conj/Ice/Air   ######....   4%          6    #......
 Hydra Form               Tmut           ######....   4%          6    #......
 Invisibility             Hex            ######..     4%          6    #......
 Summon Hydra             Summ           ######....   22%         7    ####...
 Dragon Form              Tmut           ######....   24%         7    ####...
 Ring of Flames           Chrm/Fire      ######....   24%         7    ####...
 Discord                  Hex            ######....   86%         8    ######.
 Ignition                 Fire           ######....   86%         8    ######.
 Dragon's Call            Summ           ######....   100%        9    #######


Dungeon Overview and Level Annotations

Branches:
Dungeon (15/15)            Temple (0/1) D:7            Lair (6/6) D:10
 Shoals (4/4) Lair:2       Spider (4/4) Lair:4        Slime (0/5) Lair:6
    Orc (2/2) D:12            Elf (2/3) Orc:2        Vaults (4/5) D:14
  Crypt (0/3) Vaults:3     Depths (2/5) D:15

Altars:
Ashenzari
Cheibriados
Dithmenos
Elyvilon
Gozag
Kikubaaqudgha
Makhleb
Nemelex Xobeh
Qazlal
Ru
Sif Muna
Zin
Beogh
Jiyva

Shops:
D:9 !%(:(   D:11 ?   D:13 [(   D:14 [   Orc:2 (**[[=(:   Elf:1 =[   Elf:2 ::[[
Lair:1 =   Shoals:2 *?   Vaults:1 *   Vaults:2 %   Vaults:4 =   Depths:1 %

Portals:
Hell: Lair:6 Depths:1 Depths:2
Pandemonium: Depths:1
Ziggurat: Depths:1
Trove: D:11 (give +7 demon whip)

Annotations:
Lair:2 exclusion: 4 oklob plants


Innate Abilities, Weirdness & Mutations

Your experience applies equally to all skills.
You have very sharp teeth.
Your uncanny sense of smell can sniff out nearby items.
You have a somewhat thin skeletal structure. (Dex +2, Stealth)
Your flesh is heat resistant. (rF+)
Your spells are a little easier to cast, but a little less powerful.


Message History

The spriggan defender becomes distracted by the nearby gold, dreaming of The phantasmal warrior blinks!
The spriggan rider becomes distracted by the nearby gold, dreaming of imaginary The tengu warrior becomes distracted by the nearby gold, dreaming of imaginary The frost giant becomes distracted by the nearby gold, dreaming of imaginary The phantasmal warrior becomes distracted by the nearby gold, dreaming of Your surroundings seem slightly different.
The tengu warrior is no longer distracted by gold.
The juggernaut is no longer distracted by gold.
You block the spriggan defender's attack.
The tengu conjurer becomes distracted by the nearby gold, dreaming of imaginary The spark wasp becomes distracted by the nearby gold, dreaming of imaginary The spriggan defender hits you with a +4 quick blade!
* * * LOW HITPOINT WARNING * * *
The vampire knight shouts!
The lich touches you.
* * * LOW HITPOINT WARNING * * *
The juggernaut hits you!!!
You die...
Your body crumbles into a pile of gold.

∆ .. ##.§§.§# . #...⌠.
##....## #''....
##.).[# ###+
..V'##''##### #.))###
#..+###...###......##
###'..#
#....$....##......i.##
#....#
#.($$$..8.#..i..|.W..#
#....# #..u(#
#..(yiQX.§§# #....#
#(cuD# #..)Q@VW(..#
#....# #.u8V#
#..")LC.$..# #....#
#..u.# #[C........#
#....# #..$[#
#..Q.C$....# #.)..#
#..uu# ##..y.....##
#....# #..'###
##......## ###'..#
###'..# ########
#..'### #....##
##....# ∆ ##....##
##....##


You could see a juggernaut, a tentacled monstrosity, a frost giant (unaware), a
fire giant (unaware), a tengu reaver, a lich, a vampire knight, 2 spriggan
defenders, 2 spark wasps, a spriggan rider (unaware), a tengu warrior
(wandering), 2 phantasmal warriors and a tengu conjurer (unaware).

Vanquished Creatures
  Arachne (Spider:2)
  A lich (Depths:2)
  A deep elf blademaster (Elf:2)
  A kraken (Shoals:4)
  Frances (D:14)
  Kirke (Lair:5)
  Agnes (Elf:1)
  Polyphemus (Shoals:2)
  The ghost of popps the Fighter, an adept DsBe of Trog (Lair:6)
  2 frost giants (Depths:2)
  An orc warlord (Orc:2)
  2 fire giants (Vaults:4)
  10 vault wardens
  5 ghost moths
  2 deep elf sorcerers
  7 emperor scorpions
  A deep elf elementalist (Elf:1)
  A cacodemon (Depths:1)
  2 spriggan defenders (Depths:2)
  11 ironheart preservers
  13 very ugly things
  4 stone giants
  2 entropy weavers
  The ghost of qvsushi the Brawler, a journeyman TrMo of Jiyva (Lair:4)
  The ghost of mattiecakes the Nimble, a journeyman HaHu of Okawaru (Lair:6)
  3 deep elf annihilators
  2 dire elephants (Lair:6)
  3 spark wasps
  A deep elf death mage (Vaults:1)
  Snorg (D:14)
  6 ettins
  A blizzard demon (IceCv)
  A merfolk javelineer (Shoals:4)
  Josephine (D:14)
  7 merfolk impalers
  A ragged hierophant (Desolation)
  7 yaktaur captains
  3 fire dragons (Depths:1)
  A great orb of eyes (Depths:2)
  Harold (D:7)
  A servant of whispers (Desolation)
  3 rakshasas
  4 hydras
  6 ice dragons
  4 vault guards
  2 merfolk avatars (Shoals:4)
  A catoblepas (Lair:2)
  5 centaur warriors
  37 two-headed ogres
  A death knight (D:12)
  A merfolk aquamancer (Shoals:4)
  3 deep troll shamans (Depths:2)
  2 vampire magi
  4 death yaks
  A satyr (Shoals:3)
  4 deep troll earth magi
  10 ogre magi
  4 orc high priests (Orc:2)
  A spriggan berserker (Depths:2)
  A sun demon (Depths:1)
  15 deep elf knights
  2 skeletal warriors (D:14)
  Nergalle (Lair:3)
  A shadow wraith (Vaults:2)
  8 sea snakes
  11 deep trolls
  4 unseen horrors
  15 harpies
  A flayed ghost (Vaults:4)
  6 deep elf archers
  A tengu zombie (Vaults:3)
  10 ironbrand convokers
  4 necromancers
  2 phantasmal warriors
  6 wizards
  12 orc knights
  An iron dragon zombie (Vaults:4)
  17 orb spiders
  4 fauns (Shoals:3)
  38 deep elf magi
  21 wolf spiders
  3 tengu skeletons
  3 orc sorcerers
  30 ugly things
  4 cyclopes
  A sphinx skeleton (Vaults:3)
  A moth of wrath (Spider:3)
  A frost giant zombie (Vaults:3)
  8 manticores
  8 merfolk sirens
  7 vault sentinels
  A guardian serpent (Elf:2)
  10 elephants
  3 black mambas
  An ice statue (IceCv)
  6 water nymphs
  A spiny frog (shapeshifter) (Depths:2)
  4 orange demons
  A torpor snail (Spider:3)
  2 gargoyles (D:13)
  8 spiny frogs
  7 rime drakes
  An efreet (D:13)
  11 demonic crawlers
  8 komodo dragons
  27 yaktaurs
  A kobold demonologist (D:14)
  A hellwing (Lair:6)
  A tengu conjurer (Depths:1)
  7 freezing wraiths
  3 trolls
  3 polar bears
  15 ice devils
  3 meliai (D:15)
  6 hornets
  A jumping spider (shapeshifter) (Depths:1)
  A queen bee (Lair:2)
  24 merfolk
  A red devil (Lair:6)
  5 wind drakes
  14 slime creatures
  28 jumping spiders
  8 blink frogs
  7 dream sheep
  13 saltlings
  6 snapping turtles
  An ettin zombie (Vaults:4)
  A hippogriff (shapeshifter) (Vaults:4)
  23 flying skulls (D:14)
  13 hippogriffs
  A human simulacrum (Vaults:1)
  3 shadows
  3 air elementals
  80 redbacks
  13 tarantellas
  4 wyverns
  43 yaks
  2 spectral komodo dragons (Lair:4)
  7 wraiths
  13 water elementals
  3 fire elementals
  6 hogs (Lair:5)
  12 steam dragons
  8 basilisks
  8 vampire mosquitoes
  A hungry ghost (D:7)
  6 wargs
  A spectral spiny frog (Lair:4)
  A hydra simulacrum (Lair:4)
  A soldier ant (D:12)
  3 acid dragons
  4 hell hounds (Lair:6)
  8 porcupines
  18 water moccasins
  A floating eye (Depths:2)
  32 orc warriors
  5 ice beasts
  2 black bears
  A human zombie (Vaults:2)
  A necrophage (D:10)
  An ogre (shapeshifter) (Vaults:4)
  2 sky beasts
  20 wolves
  9 boggarts
  A hornet zombie (D:9)
  27 ogres
  3 phantoms
  14 centaurs
  17 crocodiles
  A big kobold (D:7)
  14 bullfrogs
  A wyvern skeleton (D:14)
  6 scorpions
  31 killer bees
  A dream sheep simulacrum (Lair:4)
  An orc simulacrum (Vaults:2)
  12 wights
  5 electric eels
  10 howler monkeys
  5 centaur zombies
  A torpor snail simulacrum (Lair:4)
  8 crimson imps
  5 hounds
  2 quasits (Depths:1)
  12 orc priests
  3 bullfrog skeletons
  A bullfrog zombie (D:13)
  6 jellies
  3 centaur skeletons
  Jessica (D:2)
  Terence (D:2)
  4 iguanas
  Natasha (thrice) (D:2)
  6 hell rats (Lair:4)
  22 orc wizards
  14 worker ants
  A hound zombie (D:7)
  A hound skeleton (D:5)
  A worker ant zombie (D:10)
  Robin (D:2)
  14 gnolls
  7 adders
  A river rat (Lair:2)
  5 shadow imps
  8 white imps
  4 ufetubi
  7 oozes
  An adder skeleton (D:6)
  2 worms
  4 dart slugs
  7 leopard geckos
  49 orcs
  5 giant cockroaches
  14 goblins
  14 hobgoblins
  4 jackals (D:8)
  13 kobolds
  2 quokkas
  2 bats
  5 frilled lizards
  A leopard gecko skeleton (D:4)
  A quokka skeleton (D:4)
  5 rats
  A bush (D:15)
  3 fungi
  4 plants
  A spectral weapon (Spider:3)
  2 tentacles (Shoals:4)
  A withered plant (Lair:6)
1486 creatures vanquished.

Vanquished Creatures (collateral kills)
  Gastronok (Lair:3)
  3 emperor scorpions (Spider:4)
  2 ironheart preservers
  4 entropy weavers
  2 very ugly things
  A stone giant (Depths:2)
  2 deep elf demonologists (Vaults:4)
  2 vampire knights (Depths:2)
  A deep elf annihilator (Vaults:1)
  A dire elephant (Lair:6)
  A merfolk javelineer (Shoals:4)
  An ettin (Depths:2)
  3 merfolk impalers (Shoals:4)
  An ogre mage (Vaults:3)
  A great orb of eyes (Depths:2)
  A yaktaur captain (Vaults:1)
  An ice dragon (Vaults:2)
  A rakshasa (Vaults:1)
  A hydra (Lair:6)
  A spriggan air mage (Depths:2)
  A catoblepas (Shoals:2)
  2 merfolk avatars
  An alligator snapping turtle (Shoals:3)
  5 two-headed ogres
  2 merfolk aquamancers
  A tengu warrior (Depths:1)
  A satyr (Shoals:4)
  A death yak (Lair:6)
  A spriggan (Depths:2)
  A sun demon (Lair:6)
  A shadow wraith (Vaults:1)
  2 deep elf knights (Elf:2)
  3 deep trolls
  A harpy (Shoals:4)
  2 wizards (Vaults:3)
  3 orb spiders (Spider:4)
  A deep elf archer (Vaults:1)
  A phantasmal warrior (Depths:2)
  3 orc knights
  2 ironbrand convokers (Vaults:3)
  5 wolf spiders
  A manticore (Shoals:4)
  6 ugly things
  2 oklob plants (Lair:3)
  A cyclops (Vaults:1)
  8 deep elf magi
  A frost giant zombie (Vaults:2)
  5 merfolk sirens (Shoals:4)
  2 vault sentinels (Vaults:1)
  An ice statue (IceCv)
  A centaur zombie (D:15)
  An orange demon (Lair:6)
  4 water nymphs
  A gargoyle (D:10)
  A black mamba (Lair:3)
  A spiny frog (Lair:1)
  A human zombie (Vaults:2)
  2 yaktaurs (Vaults:1)
  A rime drake (Lair:3)
  A red devil (Lair:6)
  A tengu conjurer (Depths:1)
  An ice devil (IceCv)
  7 merfolk (Shoals:4)
  A jumping spider (Spider:2)
  A polar bear (Lair:6)
  A slime creature (Vaults:2)
  2 hornets
  4 saltlings (Desolation)
  A spectral dream sheep (Lair:4)
  7 blink frogs
  A snapping turtle (Shoals:4)
  5 dream sheep (Lair:6)
  Sigmund (D:6)
  10 redbacks
  Eustachio (D:4)
  A tarantella (Spider:4)
  4 yaks
  A basilisk (Lair:6)
  A warg (Vaults:1)
  An acid dragon (Vaults:1)
  A deep troll zombie (Vaults:2)
  A water moccasin (Lair:6)
  2 orc warriors (Vaults:1)
  An ice beast (D:6)
  5 ogres
  2 boggarts
  A spiny frog simulacrum (Lair:4)
  4 killer bees (Lair:2)
  An electric eel (Spider:4)
  3 white imps (IceCv)
  2 ufetubi (IceCv)
  11 orcs
198 creatures vanquished.

Vanquished Creatures (others)
  A stone giant (Depths:1)
  A merfolk javelineer (Shoals:4)
  18 dancing weapons
  A deep elf archer (Elf:1)
  A manticore (Shoals:4)
  A wolf spider (Spider:1)
  A cyclops (Vaults:1)
  5 yaktaurs
  A redback (Spider:4)
  A white imp (IceCv)
  3 ufetubi (IceCv)
  5 bushes
  12 fungi
  14 plants
  4 snaplasher vines
  15 spectral weapons
  6 tentacles (Shoals:4)
  4 withered plants (Lair:6)
94 creatures vanquished.

Grand Total: 1778 creatures vanquished

Notes
Turn   | Place    | Note
-------+----------+-------------------------------------------
     0 | D:1      | slphil the Gnoll Wizard began the quest for the Orb.
     0 | D:1      | Reached XP level 1. HP: 13/13 MP: 8/8
   229 | D:1      | Reached XP level 2. HP: 19/19 MP: 6/10
   399 | D:1      | Reached XP level 3. HP: 25/25 MP: 11/11
   863 | D:2      | Noticed Jessica
   868 | D:2      | Killed Jessica
   868 | D:2      | Reached skill level 1 in Fighting
   868 | D:2      | Reached skill level 1 in Short Blades
   868 | D:2      | Reached skill level 1 in Long Blades
   868 | D:2      | Reached skill level 1 in Axes
   868 | D:2      | Reached skill level 1 in Maces & Flails
   868 | D:2      | Reached skill level 1 in Polearms
   868 | D:2      | Reached skill level 1 in Staves
   868 | D:2      | Reached skill level 1 in Slings
   868 | D:2      | Reached skill level 1 in Bows
   868 | D:2      | Reached skill level 1 in Crossbows
   868 | D:2      | Reached skill level 1 in Throwing
   868 | D:2      | Reached skill level 1 in Armour
   868 | D:2      | Reached skill level 1 in Shields
   868 | D:2      | Reached skill level 1 in Unarmed Combat
   868 | D:2      | Reached skill level 1 in Invocations
   868 | D:2      | Reached skill level 1 in Evocations
   868 | D:2      | Reached XP level 4. HP: 32/32 MP: 13/13
   898 | D:2      | Noticed Natasha
   906 | D:2      | Killed Natasha
  1169 | D:2      | Noticed Natasha
  1173 | D:2      | Killed Natasha
  1173 | D:2      | Reached skill level 1 in Hexes
  1173 | D:2      | Reached skill level 1 in Charms
  1173 | D:2      | Reached skill level 1 in Necromancy
  1173 | D:2      | Reached skill level 1 in Transmutations
  1173 | D:2      | Reached skill level 1 in Fire Magic
  1173 | D:2      | Reached skill level 1 in Ice Magic
  1173 | D:2      | Reached skill level 1 in Air Magic
  1173 | D:2      | Reached skill level 1 in Earth Magic
  1173 | D:2      | Reached skill level 1 in Poison Magic
  1204 | D:2      | Learned a level 3 spell: Mephitic Cloud
  1208 | D:2      | Learned a level 3 spell: Conjure Flame
  1211 | D:2      | Learned a level 2 spell: Blink
  1214 | D:2      | Learned a level 2 spell: Call Imp
  1217 | D:2      | Learned a level 2 spell: Slow
  1224 | D:2      | Noticed Natasha
  1233 | D:2      | Killed Natasha
  1233 | D:2      | Reached XP level 5. HP: 34/37 MP: 7/14
  1445 | D:2      | Identified the cursed +0 helmet of Nuboluerch {Dex+2}
  1445 | D:2      | Noticed Robin
  1465 | D:2      | Killed Robin
  1576 | D:2      | Noticed Terence
  1590 | D:2      | Killed Terence
  1736 | D:2      | Found a white marble altar of Elyvilon.
  1810 | D:2      | Found a shattered altar of Ashenzari.
  2104 | D:3      | Reached XP level 6. HP: 26/44 MP: 14/16
  2323 | D:3      | Noticed a phantom
  2372 | D:3      | Killed a phantom
  2472 | D:3      | Reached skill level 5 in Dodging
  2664 | D:3      | Found an opulent altar of Gozag.
  2770 | D:3      | Became a worshipper of Gozag Ym Sagoz the Greedy
  3431 | D:4      | Reached XP level 7. HP: 50/50 MP: 18/18
  3738 | D:4      | Noticed Eustachio
  3755 | D:4      | Killed Eustachio
  3755 | D:4      | Reached skill level 5 in Stealth
  3865 | D:4      | Found a deep blue altar of Sif Muna.
  3886 | D:4      | Reached XP level 8. HP: 53/57 MP: 19/19
  3898 | D:4      | Found a sacrificial altar of Ru.
  4313 | D:4      | Identified Sif Muna's Volume of Dark Rituals
  4349 | D:5      | Entered Level 5 of the Dungeon
  4735 | D:5      | Found an ancient bone altar of Kikubaaqudgha.
  5715 | D:6      | Reached XP level 9. HP: 51/65 MP: 21/21
  5843 | D:6      | Learned a level 3 spell: Regeneration
  5847 | D:6      | Learned a level 3 spell: Spectral Weapon
  5852 | D:6      | Learned a level 4 spell: Summon Ice Beast
  5875 | D:6      | Noticed Sigmund
  5881 | D:6      | Killed Sigmund
  7375 | D:7      | Noticed Harold
  7394 | D:7      | Killed Harold
  7394 | D:7      | Reached skill level 5 in Invocations
  7453 | D:7      | Reached XP level 10. HP: 59/73 MP: 22/22
  7848 | D:7      | Found a burning altar of Makhleb.
  7881 | D:7      | Found a staircase to the Ecumenical Temple.
  7984 | D:7      | Reached skill level 5 in Fighting
  7984 | D:7      | Reached skill level 5 in Short Blades
  7984 | D:7      | Reached skill level 5 in Long Blades
  7984 | D:7      | Reached skill level 5 in Axes
  7984 | D:7      | Reached skill level 5 in Maces & Flails
  7984 | D:7      | Reached skill level 5 in Polearms
  7984 | D:7      | Reached skill level 5 in Staves
  7984 | D:7      | Reached skill level 5 in Slings
  7984 | D:7      | Reached skill level 5 in Bows
  7984 | D:7      | Reached skill level 5 in Crossbows
  7984 | D:7      | Reached skill level 5 in Throwing
  7984 | D:7      | Reached skill level 5 in Armour
  7984 | D:7      | Reached skill level 5 in Shields
  7984 | D:7      | Reached skill level 5 in Unarmed Combat
  7984 | D:7      | Reached skill level 5 in Evocations
  8095 | D:7      | Found a stormy altar of Qazlal.
  8543 | D:8      | Found a sparkling altar of Nemelex Xobeh.
  8583 | D:8      | Found a snail-covered altar of Cheibriados.
  9031 | D:8      | Found a glowing silver altar of Zin.
  9054 | D:8      | Found an ancient bone altar of Kikubaaqudgha.
  9609 | D:9      | Found Reczil's Antique Weapon Emporium.
  9706 | D:9      | Reached skill level 5 in Conjurations
  9706 | D:9      | Reached skill level 5 in Summonings
  9706 | D:9      | Reached skill level 5 in Translocations
 10059 | D:9      | Found Vyal's Distillery.
 10067 | D:9      | Found a shadowy altar of Dithmenos.
 10068 | D:9      | Bought a potion of invisibility for 104 gold pieces
 10068 | D:9      | Bought a potion of mutation for 104 gold pieces
 10110 | D:9      | Found Poxzad's Food Boutique.
 10113 | D:9      | Bought a ration for 60 gold pieces
 10113 | D:9      | Bought a ration for 60 gold pieces
 10113 | D:9      | Bought a ration for 60 gold pieces
 10210 | D:9      | Found Zodoapt's Book Shop.
 10211 | D:9      | Found Allipuen's Antique Weapon Shop.
 10228 | D:9      | Bought an encrusted falchion for 176 gold pieces
 10228 | D:9      | Identified the cursed +2 falchion "Amogaex" {slice, +Rage
                  | rElec rC+ Int+3} (You bought it in a shop on level 9 of the
                  | Dungeon)
 10239 | D:9      | Bought a book of Necromancy for 360 gold pieces
 10243 | D:9      | Learned a level 3 spell: Vampiric Draining
 10321 | D:10     | Entered Level 10 of the Dungeon
 10363 | D:10     | Noticed a two-headed ogre
 10372 | D:10     | Killed a two-headed ogre
 10435 | D:10     | Noticed a cyclops
 10463 | D:10     | Killed a cyclops
 10463 | D:10     | Reached XP level 11. HP: 47/81 MP: 18/24
 10463 | D:10     | Killed an unseen horror
 10698 | D:10     | Killed an unseen horror
 10714 | D:10     | Noticed a two-headed ogre
 10728 | D:10     | Killed a two-headed ogre
 10728 | D:10     | Reached skill level 5 in Hexes
 10728 | D:10     | Reached skill level 5 in Charms
 10728 | D:10     | Reached skill level 5 in Necromancy
 10728 | D:10     | Reached skill level 5 in Transmutations
 10728 | D:10     | Reached skill level 5 in Fire Magic
 10728 | D:10     | Reached skill level 5 in Ice Magic
 10728 | D:10     | Reached skill level 5 in Air Magic
 10728 | D:10     | Reached skill level 5 in Earth Magic
 10728 | D:10     | Reached skill level 5 in Poison Magic
 10821 | D:10     | Noticed a two-headed ogre
 10832 | D:10     | Killed a two-headed ogre
 10841 | D:10     | Noticed a two-headed ogre
 10853 | D:10     | Killed a two-headed ogre
 11167 | D:10     | Found a staircase to the Lair.
 11433 | D:10     | Noticed a cyclops
 11433 | D:10     | Noticed a deep elf mage
 11439 | D:10     | Killed a deep elf mage
 11443 | D:10     | Killed a cyclops
 11655 | Lair:1   | Entered Level 1 of the Lair of Beasts
 11677 | Lair:1   | Gained mutation: You have a pair of small horns on your
                  | head. [potion of mutation]
 11677 | Lair:1   | Gained mutation: Your spells are a little easier to cast,
                  | but a little less powerful. [potion of mutation]
 11677 | Lair:1   | Gained mutation: Your mind is acute. (Int +2) [potion of
                  | mutation]
 11678 | Lair:1   | Lost mutation: You have a pair of small horns on your head.
                  | [potion of mutation]
 11678 | Lair:1   | Lost mutation: Your mind is acute. (Int +2) [potion of
                  | mutation]
 11678 | Lair:1   | Lost mutation: Your spells are a little easier to cast, but
                  | a little less powerful. [potion of mutation]
 11678 | Lair:1   | Gained mutation: Scrolls take you a little longer to read.
                  | [potion of mutation]
 11678 | Lair:1   | Gained mutation: Your movements are slightly less
                  | encumbered by armour. (ER -2) [potion of mutation]
 11707 | Lair:1   | Reached XP level 12. HP: 80/89 MP: 25/25
 11932 | Lair:1   | Reached skill level 10 in Spellcasting
 11961 | Lair:1   | Learned a level 4 spell: Animate Dead
 11989 | Lair:1   | Learned a level 4 spell: Summon Ice Beast
 12502 | Lair:1   | Noticed an eight-headed hydra
 12515 | Lair:1   | Killed an eight-headed hydra
 13267 | Lair:2   | Found a staircase to the Shoals.
 14042 | Lair:2   | Reached XP level 13. HP: 89/98 MP: 27/27
 14585 | Lair:3   | Upgraded the game from 0.23-a0-537-g04293e5 to
                  | 0.23-a0-539-g3f6f39f
 14904 | Lair:3   | Noticed Gastronok
 15291 | Lair:3   | Noticed Nergalle
 15318 | Lair:3   | Killed Gastronok
 15323 | Lair:3   | Killed Nergalle
 16331 | Lair:4   | Got an ichor-stained ring mail
 16365 | Lair:3   | Identified the cursed +0 ring mail of Fuwam {Regen+ Dex+3
                  | Stlth+} (You found it on level 4 of the Lair of Beasts)
 16607 | Lair:4   | Found a hole to the Spider Nest.
 16800 | Lair:4   | Found a runed gate.
 16800 | Lair:4   | Found a runed gate.
 16800 | Lair:4   | Found a runed gate.
 16802 | Lair:4   | Noticed qvsushi's ghost (journeyman TrMo)
 16963 | Lair:5   | Noticed Kirke
 17007 | Lair:5   | Killed Kirke
 17007 | Lair:5   | Reached XP level 14. HP: 103/106 MP: 27/29
 17105 | Lair:5   | You fall through a shaft!
 17105 | Lair:6   | Entered Level 6 of the Lair of Beasts
 17747 | Lair:6   | Reached skill level 10 in Dodging
 18165 | Lair:6   | Reached skill level 10 in Stealth
 18385 | Lair:6   | Got a pitted war axe
 18386 | Lair:6   | Identified the +10 war axe "Kumnile" {elec, rElec rPois MR+
                  | MP+9} (You found it on level 6 of the Lair of Beasts)
 18457 | Lair:6   | Noticed a dire elephant
 18464 | Lair:6   | Noticed a dire elephant
 18473 | Lair:6   | Killed a dire elephant
 18497 | Lair:6   | Killed a dire elephant
 18664 | Lair:6   | Reached skill level 10 in Invocations
 18707 | Lair:6   | Found a burning altar of Makhleb.
 18788 | Lair:6   | Found a gateway to Hell.
 18796 | Lair:6   | Got a faintly glowing pewter amulet
 18800 | Lair:6   | Identified the amulet "Syoplawn" {Reflect rElec Str+2 SH+3}
                  | (You found it on level 6 of the Lair of Beasts)
 18809 | Lair:6   | Identified a scroll of acquirement
 18836 | Lair:6   | Noticed a dire elephant
 18852 | Lair:6   | Killed a dire elephant
 19038 | Lair:6   | Found a viscous altar of Jiyva.
 19038 | Lair:6   | Found a staircase to the Slime Pits.
 19207 | Lair:6   | Found a runed gate.
 19207 | Lair:6   | Found a runed gate.
 19207 | Lair:6   | Found a runed gate.
 19208 | Lair:6   | Noticed popps's ghost (adept DsBe)
 19208 | Lair:6   | Noticed mattiecakes's ghost (journeyman HaHu)
 19592 | D:11     | Learned a level 5 spell: Metabolic Englaciation
 19722 | D:11     | Found a portal to a secret trove of treasure.
 20038 | D:11     | You fall through a shaft!
 20247 | D:12     | Found a staircase to the Orcish Mines.
 21074 | D:13     | Reached XP level 15. HP: 114/114 MP: 30/30
 21132 | D:13     | Found Enun Heu's Weapon Shop.
 21646 | D:13     | Found Docsagug's Antique Armour Boutique.
 21968 | D:14     | Noticed Frances
 21987 | D:14     | Killed Frances
 22124 | D:14     | Noticed Snorg
 22135 | D:14     | Killed Snorg
 22167 | D:14     | Found Osi Ryuf's Armour Shop.
 22437 | D:14     | Reached skill level 10 in Fighting
 22437 | D:14     | Reached skill level 10 in Short Blades
 22437 | D:14     | Reached skill level 10 in Long Blades
 22437 | D:14     | Reached skill level 10 in Axes
 22437 | D:14     | Reached skill level 10 in Maces & Flails
 22437 | D:14     | Reached skill level 10 in Polearms
 22437 | D:14     | Reached skill level 10 in Staves
 22437 | D:14     | Reached skill level 10 in Slings
 22437 | D:14     | Reached skill level 10 in Bows
 22437 | D:14     | Reached skill level 10 in Crossbows
 22437 | D:14     | Reached skill level 10 in Throwing
 22437 | D:14     | Reached skill level 10 in Armour
 22437 | D:14     | Reached skill level 10 in Shields
 22437 | D:14     | Reached skill level 10 in Unarmed Combat
 22437 | D:14     | Reached skill level 10 in Evocations
 22464 | D:14     | Found a gate to the Vaults.
 22523 | D:14     | Found the +3 giant club "Skullcrusher" {speed, Str+7}
 22806 | D:14     | Noticed Josephine
 22822 | D:14     | Killed Josephine
 22869 | D:15     | Entered Level 15 of the Dungeon
 23425 | D:15     | Found a white marble altar of Elyvilon.
 23561 | D:15     | Got a twisted scale mail
 23564 | D:15     | Identified the +2 scale mail "Rogunaq" {rC+ Regen+ Str+4
                  | Stlth-} (You found it on level 15 of the Dungeon)
 23922 | D:15     | Found a staircase to the Depths.
 24074 | Orc:1    | Entered Level 1 of the Orcish Mines
 24641 | Orc:2    | Entered Level 2 of the Orcish Mines
 24663 | Orc:2    | Noticed an orc warlord
 24697 | Orc:2    | Reached XP level 16. HP: 102/123 MP: 14/32
 24881 | Orc:2    | Found Ikupp's Antique Weapon Shoppe.
 24996 | Orc:2    | Found a roughly hewn altar of Beogh.
 25080 | Orc:2    | Found Numompuw's Book Emporium.
 25153 | Orc:2    | Found Manaqeurgh's Antique Armour Boutique.
 25217 | Orc:2    | Found a staircase to the Elven Halls.
 25394 | Orc:2    | Found Dumpa's General Store.
 25448 | Orc:2    | Bought a scroll of enchant armour for 90 gold pieces
 25448 | Orc:2    | Bought a scroll of enchant armour for 90 gold pieces
 25721 | Orc:2    | Learned a level 4 spell: Summon Lightning Spire
 25745 | Orc:2    | Bought a +3 chain mail of cold resistance for 344 gold
                  | pieces
 25770 | Orc:2    | Bought a sparkling ruby amulet for 160 gold pieces
 25770 | Orc:2    | Bought an ancient cloak for 304 gold pieces
 25780 | Orc:2    | Identified the cursed +0 cloak "Ximar" {rElec Str+4 Dex+3}
                  | (You bought it in a shop on level 2 of the Orcish Mines)
 25783 | Orc:2    | Identified the amulet "Mejyafih" {+Rage rC++ Int-5} (You
                  | bought it in a shop on level 2 of the Orcish Mines)
 26054 | D:11     | Found Hamnesmi's Magic Scroll Emporium.
 26062 | D:11     | Bought a scroll of blinking for 112 gold pieces
 26062 | D:11     | Bought a scroll of identify for 30 gold pieces
 26062 | D:11     | Bought a scroll of identify for 30 gold pieces
 26062 | D:11     | Bought a scroll of silence for 112 gold pieces
 26286 | Spider:1 | Entered Level 1 of the Spider Nest
 27723 | Spider:2 | Learned a level 3 spell: Call Canine Familiar
 27725 | Spider:2 | Learned a level 1 spell: Summon Butterflies
 27727 | Spider:2 | Learned a level 1 spell: Apportation
 28364 | Spider:3 | Noticed Arachne
 28577 | Spider:2 | Killed Arachne
 29403 | Shoals:1 | Entered Level 1 of the Shoals
 31710 | Spider:2 | Reached XP level 17. HP: 45/131 MP: 1/33
 34015 | Shoals:1 | Learned a level 2 spell: Shroud of Golubria
 34083 | Shoals:2 | Got a shadowed robe
 34150 | Shoals:1 | Identified the +2 robe of the Great Game {rPois Str-5
                  | Slay+3} (You found it on level 2 of the Shoals)
 34217 | Shoals:2 | Noticed Polyphemus
 34255 | Shoals:2 | Killed Polyphemus
 34810 | Shoals:2 | Found Fozoovul's Assorted Antiques.
 34818 | Shoals:2 | Bought a pitted lapis lazuli ring for 125 gold pieces
 34820 | Shoals:2 | Identified the ring of Sif Muna's Reproof {+Fly rPois rC-
                  | MR+ Stlth+} (You bought it in a shop on level 2 of the
                  | Shoals)
 34956 | Shoals:3 | Found a frozen archway.
 35027 | IceCv    | Entered an ice cave
 35099 | IceCv    | Reached skill level 10 in Conjurations
 35099 | IceCv    | Reached skill level 10 in Summonings
 35099 | IceCv    | Reached skill level 10 in Translocations
 35493 | IceCv    | Got a pair of encrusted boots
 35499 | IceCv    | Identified the cursed +0 pair of boots of Kiemage {rF-
                  | MR+++ Str-2} (You found it in an ice cave)
 38037 | Spider:4 | Entered Level 4 of the Spider Nest
 38896 | Spider:3 | Upgraded the game from 0.23-a0-539-g3f6f39f to
                  | 0.23-a0-550-g7de1f8e
 39409 | Spider:4 | Reached skill level 10 in Hexes
 39409 | Spider:4 | Reached skill level 10 in Charms
 39409 | Spider:4 | Reached skill level 10 in Necromancy
 39409 | Spider:4 | Reached skill level 10 in Transmutations
 39409 | Spider:4 | Reached skill level 10 in Fire Magic
 39409 | Spider:4 | Reached skill level 10 in Ice Magic
 39409 | Spider:4 | Reached skill level 10 in Air Magic
 39409 | Spider:4 | Reached skill level 10 in Earth Magic
 39409 | Spider:4 | Reached skill level 10 in Poison Magic
 39939 | Spider:4 | Reached XP level 18. HP: 86/139 MP: 0/35
 40553 | Spider:4 | Got a gossamer rune of Zot
 41858 | Shoals:4 | Entered Level 4 of the Shoals
 42065 | Shoals:4 | Learned a level 4 spell: Throw Icicle
 42098 | Shoals:4 | Got a transparent war axe
 42101 | Shoals:4 | Identified the +8 war axe of Outrage {chop, +Fly rF++ MR+
                  | Int-3} (You found it on level 4 of the Shoals)
 44427 | Shoals:4 | Got a bound pewter ring
 44430 | Shoals:4 | Identified the ring "Doaclun" {+Blink rC+ MR+ Int-5 Dex+4}
                  | (You found it on level 4 of the Shoals)
 44793 | Shoals:4 | Got a barnacled rune of Zot
 45348 | Lair:4   | Killed qvsushi's ghost
 45507 | Lair:6   | Killed popps's ghost
 45514 | Lair:6   | Killed mattiecakes's ghost
 45986 | Vaults:1 | Entered Level 1 of the Vaults
 46463 | Vaults:1 | Learned a level 5 spell: Fireball
 46467 | Vaults:1 | Learned a level 3 spell: Ignite Poison
 46472 | Vaults:1 | Learned a level 4 spell: Cause Fear
 46556 | Vaults:1 | Reached XP level 19. HP: 147/147 MP: 7/36
 47056 | Vaults:1 | Found an opulent altar of Gozag.
 47913 | Vaults:1 | Bought the +3 hat of Pondering {ponderous, MR+ MP+10 Int+5}
                  | for 1371 gold pieces
 47913 | Vaults:1 | Found the +3 hat of Pondering {ponderous, MR+ MP+10 Int+5}
 48106 | Orc:2    | Bought a book of Burglary for 1050 gold pieces
 48109 | Orc:2    | Learned a level 2 spell: Swiftness
 48113 | Orc:2    | Bought the ring of Becliec {rElec rPois rC+ EV+5 Str+3} for
                  | 1038 gold pieces
 48118 | Orc:2    | Bought an ancient war axe for 331 gold pieces
 48118 | Orc:2    | Identified the +6 war axe of False Accusations {flame, MR++
                  | Int+3 Dex-2} (You bought it in a shop on level 2 of the
                  | Orcish Mines)
 49650 | Vaults:2 | Found Hoigoinom's Food Shoppe.
 50123 | Vaults:3 | Reached XP level 20. HP: 148/155 MP: 38/38
 50751 | Vaults:3 | Got a faintly glowing marble ring
 50753 | Vaults:3 | Identified the ring of Voyrphef {rF+ rC+ rN+ MR+ Int+4}
                  | (You acquired it on level 3 of the Vaults)
 50762 | Vaults:3 | Learned a level 5 spell: Summon Forest
 50976 | Vaults:3 | Identified the +1 robe "Belao" {*Drain +Fly rElec Dex-4}
 51181 | Vaults:3 | Found a staircase to the Crypt.
 52168 | Vaults:4 | Found Gucaf's Jewellery Shop.
 53095 | Vaults:4 | Noticed a Brimstone Fiend
 53097 | Vaults:4 | Noticed a Brimstone Fiend
 53785 | Elf:1    | Entered Level 1 of the Elven Halls
 54229 | Elf:1    | Found Egrun's Jewellery Shoppe.
 54234 | Elf:1    | Bought the ring of Jaso {rElec rF+ rN+ MR+ Dex+2} for 1007
                  | gold pieces
 54267 | Elf:1    | Reached XP level 21. HP: 163/163 MP: 39/39
 54456 | Elf:1    | Noticed Agnes
 54460 | Elf:1    | Killed Agnes
 54856 | Elf:2    | Found Amuokack's Armour Boutique.
 54893 | Elf:2    | Found a deep blue altar of Sif Muna.
 54959 | Elf:2    | Reached skill level 15 in Spellcasting
 55021 | Elf:2    | Found a ruined gateway.
 55036 | Desolati | Entered the Desolation of Salt
 55557 | Elf:2    | Found Worouw's Book Emporium.
 55566 | Elf:2    | Found Kiot's Antique Armour Emporium.
 55601 | Elf:2    | Found Dykul's Book Emporium.
 55645 | Elf:2    | Found a runed gate.
 55645 | Elf:2    | Found a runed gate.
 55645 | Elf:2    | Found a runed gate.
 57011 | Depths:1 | Entered Level 1 of the Depths
 57169 | Depths:1 | Found a gateway to a ziggurat.
 57200 | Depths:1 | Found a sparkling altar of Nemelex Xobeh.
 57255 | Depths:1 | Reached skill level 15 in Invocations
 57392 | Depths:1 | Found Los Hufi's Food Shoppe.
 57395 | Depths:1 | Bought a ration for 55 gold pieces
 57395 | Depths:1 | Bought a ration for 55 gold pieces
 57395 | Depths:1 | Bought a ration for 55 gold pieces
 57395 | Depths:1 | Bought a ration for 55 gold pieces
 57395 | Depths:1 | Bought a ration for 55 gold pieces
 57550 | Depths:1 | Found a one-way gate leading to the halls of Pandemonium.
 57570 | Depths:1 | Gained mutation: Armour fits poorly on your strangely
                  | shaped body. [a cacodemon]
 58303 | Elf:1    | Lost mutation: Scrolls take you a little longer to read.
                  | [potion of mutation]
 58303 | Elf:1    | Lost mutation: Armour fits poorly on your strangely shaped
                  | body. [potion of mutation]
 58303 | Elf:1    | Lost mutation: Your movements are slightly less encumbered
                  | by armour. (ER -2) [potion of mutation]
 58303 | Elf:1    | Gained mutation: Your spells are a little easier to cast,
                  | but a little less powerful. [potion of mutation]
 58303 | Elf:1    | Gained mutation: You have a somewhat thin skeletal
                  | structure. (Dex +2, Stealth) [potion of mutation]
 58303 | Elf:1    | Gained mutation: Your flesh is heat resistant. (rF+)
                  | [potion of mutation]
 58588 | Lair:1   | Bought an uncursed ring of wizardry for 420 gold pieces
 62495 | Depths:2 | Reached XP level 22. HP: 139/172 MP: 41/41
 62973 | Depths:2 | Paralysed by a floating eye for 3 turns
 62985 | Depths:2 | Paralysed by a floating eye for 4 turns
 62994 | Depths:2 | Paralysed by a floating eye for 2 turns
 63002 | Depths:2 | Noticed a juggernaut
 63002 | Depths:2 | HP: 1/172 [juggernaut (61)]
 63008 | Depths:2 | Demolished by a juggernaut

Vault maps used:
D:1:      elethiomel_arrival_maze, chequers_serial_rivers_room_a
D:2:      elyvilon_altar_4, ashenzari_altar_1, uniq_jessica, uniq_natasha,
          uniq_terence, uniq_robin
D:3:      lemuel_doored_altar, chequers_serial_rivers_micro_e
D:4:      led_sif_book, kennysheep_mini, first_ration, uniq_eustachio
D:5:      basic_altar, kennysheep_big_empty_room
D:6:      uniq_sigmund
D:7:      marbit_many_paths, lightli_temple_of_fire,
          minmay_temple_entry_crystal_x, serial_rivers,
          chequers_serial_rivers_micro_a, chequers_serial_rivers_micro_e,
          chequers_serial_rivers_large_a, chequers_serial_rivers_micro_e,
          uniq_harold
D:8:      kennysheep_mini_moat, kennysheep_little_box, slow_altar_2,
          kiku_gazebo_pond_becter, hangedman_little_slice_of_home
D:9:      lemuel_crystal_altar, serial_shops, shop, nicolae_shop_trees,
          nicolae_shop_overgrown_old_shop, shop, nicolae_shop_crystal, hex_large
D:10:     david_lair_generic, minmay_shattered_shrine
D:11:     enter_trove_2, serial_shops, nicolae_shop_stone
D:12:     orc_0_dummy
D:13:     serial_shops, shop_coins, nicolae_shop_temple_entry_statues_fountains
D:14:     david_vaults_5, serial_bayou_pond_b, serial_shops, shop_statue,
          hangedman_decor_diamond_cutter, minmay_guarded_unrand_skullcrusher,
          uniq_josephine, uniq_frances, uniq_snorg
D:15:     grunt_enter_depths_hoard, serial_park_square1
Lair:2:   hangedman_what_comes_after_a, minmay_shoals_entry_hut,
          minmay_hedge_maze, wad_woods_river_02, serial_bayou_pond_e,
          hibernation_bobbens
Lair:3:   bobbens_dragon_lair_wall, grunt_megastairs_1, serial_bayou_shore_b,
          lemuel_fruit_tree, minmay_lair_oklob_chamber, uniq_nergalle,
          uniq_gastronok
Lair:4:   nicolae_spider_entry_orb_guardian, gammafunk_ghost_necromancy,
          lemuel_fruit_fields
Lair:5:   infiniplex_staircase_pool_2, uniq_kirke
Lair:6:   evil_forest, slime_altar_1, gammafunk_ghost_cemetery,
          grunt_megastairs_2
Shoals:2: serial_shops, nicolae_shop_overgrown_old_shop, uniq_polyphemus
Shoals:3: portal_ice_cave_entry_pillars_three
Shoals:4: shoals_end_simple
Spider:1: hive_lemuel
Spider:2: nicolae_crawler_farm
Spider:3: spider_trap, uniq_arachne
Spider:4: grunt_spider_rune_circles, spider_trap, nicolae_spider_circle_web
Orc:1:    guppyfry_library_mini
Orc:2:    grunt_orc_gardens, grunt_orc_garden, grunt_orc_garden,
          grunt_orc_garden, grunt_orc_garden, basic_altar
Elf:1:    eino_elf_arrival_customs, serial_shops, shop, minivault_28, uniq_agnes
Elf:2:    serial_shops, shop, nicolae_shop_stone, shop, shop_statue,
          portal_desolation_entry_salt, basic_altar
Vaults:1: nicolae_vaults_little_squares_4, v_misc_25, grunt_vaults_trifunnel,
          nicolae_vaults_network_s, v_misc_18, ontoclasm_vaults_loading_screen,
          vaults_room_hangedman_quadrants, grunt_vaults_hallway_long,
          vaults_mumra_hex, hangedman_vaults_stretched_pinwheel,
          vaults_dpeg_ring, basic_altar
Vaults:2: nicolae_vaults_diagonal_hallway_7, vaults_room_fours, v_misc_33,
          ontoclasm_vaults_loading_screen, hangedman_vaults_corner,
          vaults_mumra_hexcomb, nicolae_vaults_specimen_jars, vaults_room_grid,
          nicolae_vaults_hallways_thing, vaults_room_fours,
          ontoclasm_vaults_ligature, v_misc_27, grunt_vaults_focal,
          serial_shops, shop
Vaults:3: nicolae_vaults_little_squares_4, minmay_crypt_entry_simple_round,
          nicolae_vaults_little_squares_6, vaults_mumra_lcd,
          nicolae_vaults_windows_and_doors_thing, vaults_dpeg_encased_lava
Vaults:4: v_misc_10, hangedman_vaults_restitches, v_misc_27, v_misc_23,
          v_alt_pattern_4, nicolae_vaults_three_branches,
          nicolae_vaults_little_squares_3, nicolae_vaults_display_case,
          nicolae_vaults_border_crossing, vaults_room_fancy_cross, serial_shops,
          shop
Depths:1: enter_ziggurat_c, minmay_misc_feat_more_columns,
          grunt_pan_entry_in_and_out, mu_enter_wizlab_5, pf_coc_iceberg,
          serial_shops, nicolae_shop_behind_doors, minmay_statues_item,
          serial_bayou_pond_a, nemelex_diamond_rough_becter
Depths:2: grunt_runaround, serial_shops, hell_entry
IceCv:    ice_cave_small_demon

Skill      XL: |  1  2  3  4  5  6  7  8  9 10 11 12 13 14 15 16 17 18 19 20 21 |
---------------+----------------------------------------------------------------+-----
Conjurations   | 2 3 4 5 6 7 8 9 10 11 12 | 12.4
Summonings     | 2 3 4 5 6 7 8 9 10 11 12 | 12.4
Translocations | 2 3 4 5 6 7 8 9 10 11 12 | 12.4
Fighting       | 1 2 3 4 5 6 7 8 9 10 11 12 13 14 | 14.2
Short Blades   | 1 2 3 4 5 6 7 8 9 10 11 12 13 14 | 14.2
Long Blades    | 1 2 3 4 5 6 7 8 9 10 11 12 13 14 | 14.2
Axes           | 1 2 3 4 5 6 7 8 9 10 11 12 13 14 | 14.2
Maces & Flails | 1 2 3 4 5 6 7 8 9 10 11 12 13 14 | 14.2
Polearms       | 1 2 3 4 5 6 7 8 9 10 11 12 13 14 | 14.2
Staves         | 1 2 3 4 5 6 7 8 9 10 11 12 13 14 | 14.2
Slings         | 1 2 3 4 5 6 7 8 9 10 11 12 13 14 | 14.2
Bows           | 1 2 3 4 5 6 7 8 9 10 11 12 13 14 | 14.2
Crossbows      | 1 2 3 4 5 6 7 8 9 10 11 12 13 14 | 14.2
Throwing       | 1 2 3 4 5 6 7 8 9 10 11 12 13 14 | 14.2
Armour         | 1 2 3 4 5 6 7 8 9 10 11 12 13 14 | 14.2
Shields        | 1 2 3 4 5 6 7 8 9 10 11 12 13 14 | 14.2
Unarmed Combat | 1 2 3 4 5 6 7 8 9 10 11 12 13 14 | 14.2
Invocations    | 1 2 3 4 5 6 7 8 9 10 11 12 13 14 15 | 15.3
Evocations     | 1 2 3 4 5 6 7 8 9 10 11 12 13 14 | 14.2
Hexes          | 1 2 3 4 5 6 7 8 9 10 11 12 | 12.2
Charms         | 1 2 3 4 5 6 7 8 9 10 11 12 | 12.2
Necromancy     | 1 2 3 4 5 6 7 8 9 10 11 12 | 12.2
Transmutations | 1 2 3 4 5 6 7 8 9 10 11 12 | 12.2
Fire Magic     | 1 2 3 4 5 6 7 8 9 10 11 12 | 12.2
Ice Magic      | 1 2 3 4 5 6 7 8 9 10 11 12 | 12.2
Air Magic      | 1 2 3 4 5 6 7 8 9 10 11 12 | 12.2
Earth Magic    | 1 2 3 4 5 6 7 8 9 10 11 12 | 12.2
Poison Magic   | 1 2 3 4 5 6 7 8 9 10 11 12 | 12.2
Dodging        | 5 6 7 8 9 10 11 12 13 14 | 14.8
Stealth        | 5 6 7 8 9 10 11 12 13 14 | 14.7
Spellcasting   | 8 9 10 11 12 13 14 15 | 15.5

Action                   |  1- 3 |  4- 6 |  7- 9 | 10-12 | 13-15 | 16-18 | 19-21 | 22-24 || total
-------------------------+-------+-------+-------+-------+-------+-------+-------+-------++-------
Melee: Spear             |    35 |   162 |   241 |    26 |       |       |       |       ||   464
       Bite              |     2 |     6 |    26 |    80 |   196 |   165 |   186 |    15 ||   676
       Punch             |       |     2 |     1 |       |       |       |       |       ||     3
       Whip              |       |       |    74 |   684 |   622 |   413 |       |       ||  1793
       War axe           |       |       |       |       |   726 |  1086 |  1365 |    56 ||  3233
 Fire: Hand crossbow     |       |       |       |       |       |       |    13 |       ||    13
Throw: Stone             |       |       |       |       |     2 |    13 |       |       ||    15
       Tomahawk          |       |       |       |       |       |    12 |       |       ||    12
       Javelin           |       |       |       |       |       |       |     4 |       ||     4
 Cast: Magic Dart        |    24 |    14 |     5 |    13 |       |    22 |       |       ||    78
       Mephitic Cloud    |       |     6 |    13 |    29 |    72 |    82 |    59 |     6 ||   267
       Call Imp          |       |     7 |     4 |     3 |       |     3 |       |       ||    17
       Blink             |       |     2 |     1 |       |     2 |       |     3 |       ||     8
       Summon Ice Beast  |       |       |     3 |     5 |    39 |    78 |     8 |       ||   133
       Regeneration      |       |       |     1 |       |     5 |     5 |     2 |       ||    13
       Spectral Weapon   |       |       |       |     1 |     3 |    33 |    24 |     1 ||    62
       Conjure Flame     |       |       |       |     1 |     1 |       |       |       ||     2
       Animate Dead      |       |       |       |       |     2 |       |       |       ||     2
       Vampiric Draining |       |       |       |       |     2 |     3 |       |       ||     5
       Summon Lightning  |       |       |       |       |       |    56 |    31 |     3 ||    90
       Call Canine Famil |       |       |       |       |       |     4 |       |       ||     4
       Apportation       |       |       |       |       |       |     9 |       |       ||     9
       Shroud of Golubri |       |       |       |       |       |     1 |       |       ||     1
       Throw Icicle      |       |       |       |       |       |    33 |    57 |    12 ||   102
       Ignite Poison     |       |       |       |       |       |     3 |     1 |       ||     4
       Fireball          |       |       |       |       |       |       |    21 |    10 ||    31
       Summon Forest     |       |       |       |       |       |       |     6 |       ||     6
       Swiftness         |       |       |       |       |       |       |     1 |       ||     1
Invok: Potion Petition   |       |       |     1 |       |       |       |       |       ||     1
       Call Merchant     |       |       |       |       |       |     3 |     5 |       ||     8
 Abil: Evoke Flight      |       |       |       |       |       |     2 |       |       ||     2
Evoke: Wand              |       |       |       |     3 |     7 |    10 |     2 |       ||    22
  Use: Potion            |       |       |     5 |     2 |     1 |     7 |     3 |     2 ||    20
       Scroll            |       |       |     2 |    22 |    10 |    35 |    17 |     3 ||    89
 Stab: Sleeping          |     2 |    13 |     9 |    15 |    29 |     9 |    17 |       ||    94
       Confused          |       |     5 |     4 |    25 |    68 |    60 |    58 |     4 ||   224
       Distracted        |       |       |     3 |     4 |    16 |    29 |    19 |     2 ||    73
  Eat: Chunk             |       |     6 |       |       |       |       |       |       ||     6
       Ration            |       |       |     5 |     7 |    10 |    21 |    17 |       ||    60
Armor: Leather armour    |     4 |    20 |    66 |   118 |    41 |       |       |       ||   249
       Ring mail         |       |       |       |       |   147 |       |       |       ||   147
       Scale mail        |       |       |       |       |    22 |    11 |       |       ||    33
       Chain mail        |       |       |       |       |       |   830 |   320 |    20 ||  1170
Dodge: Dodged            |    16 |    64 |   128 |   236 |   497 |   572 |   457 |    24 ||  1994
       Deflected         |       |       |       |       |     8 |    13 |    26 |     1 ||    48
Block: Shield            |       |       |    23 |   294 |   916 |  1595 |  1026 |    50 ||  3904
       Reflection        |       |       |       |       |    19 |    39 |    78 |     1 ||   137

Table legend:
 A = Non-vault XP
 B = Vault XP
 C = Vault XP percentage of total XP
 D = Non-vault monster count
 E = Vault monster count
 F = Vault count percentage of total count
                 A         B        C        D         E       F
            +---------+---------+-------+---------+---------+-------
      Total |  349445 |  272142 |  43.8 |    1089 |     613 |  36.0
            +---------+---------+-------+---------+---------+-------
        D:1 |      47 |       0 |   0.0 |      22 |       0 |   0.0
        D:2 |      89 |     136 |  60.4 |      12 |      14 |  53.8
        D:3 |     339 |       0 |   0.0 |      32 |       0 |   0.0
        D:4 |     381 |     260 |  40.6 |      11 |       3 |  21.4
        D:5 |    1038 |       0 |   0.0 |      30 |       0 |   0.0
        D:6 |     863 |     114 |  11.7 |      24 |       1 |   4.0
        D:7 |    1537 |    1030 |  40.1 |      28 |       2 |   6.7
        D:8 |     268 |     165 |  38.1 |       9 |       9 |  50.0
        D:9 |    1341 |       0 |   0.0 |      21 |       0 |   0.0
       D:10 |    6059 |    4601 |  43.2 |      18 |      16 |  47.1
       D:11 |    2490 |       0 |   0.0 |      19 |       0 |   0.0
       D:12 |    5995 |       0 |   0.0 |      28 |       0 |   0.0
       D:13 |    7165 |       0 |   0.0 |      25 |       0 |   0.0
       D:14 |    5308 |   15303 |  74.2 |      14 |      41 |  74.5
       D:15 |   16436 |    1934 |  10.5 |      36 |       2 |   5.3
     Lair:1 |    4548 |       8 |   0.2 |      20 |       1 |   4.8
     Lair:2 |    2790 |    7910 |  73.9 |      15 |      59 |  79.7
     Lair:3 |    6103 |    7713 |  55.8 |      29 |      25 |  46.3
     Lair:4 |    4806 |    2359 |  32.9 |      28 |      10 |  26.3
     Lair:5 |    2689 |    3154 |  54.0 |      14 |       7 |  33.3
     Lair:6 |   10047 |   14038 |  58.3 |      44 |      36 |  45.0
   Shoals:1 |    4427 |       0 |   0.0 |      10 |       0 |   0.0
   Shoals:2 |    7522 |    4242 |  36.1 |      19 |       4 |  17.4
   Shoals:3 |    9049 |     290 |   3.1 |      24 |       1 |   4.0
   Shoals:4 |   16492 |   19418 |  54.1 |      37 |      41 |  52.6
   Spider:1 |    8155 |       0 |   0.0 |      23 |       0 |   0.0
   Spider:2 |   18126 |    5488 |  23.2 |      40 |       8 |  16.7
   Spider:3 |   24617 |       0 |   0.0 |      67 |       0 |   0.0
   Spider:4 |   10799 |   21909 |  67.0 |      39 |      40 |  50.6
      Orc:1 |    1093 |     421 |  27.8 |      20 |       9 |  31.0
      Orc:2 |    1106 |    9475 |  89.5 |      24 |      27 |  52.9
      Elf:1 |    5200 |   12202 |  70.1 |      10 |      19 |  65.5
      Elf:2 |   12260 |   22987 |  65.2 |      23 |      31 |  57.4
   Vaults:1 |   23014 |   23726 |  50.8 |      54 |      45 |  45.5
   Vaults:2 |   29223 |   15362 |  34.5 |      64 |      22 |  25.6
   Vaults:3 |   34381 |    6664 |  16.2 |      63 |      12 |  16.0
   Vaults:4 |   28602 |   19012 |  39.9 |      37 |      21 |  36.2
   Depths:1 |   34904 |    4120 |  10.6 |      55 |      14 |  20.3
   Depths:2 |     136 |   34495 |  99.6 |       1 |      43 |  97.7
      IceCv |       0 |    6215 | 100.0 |       0 |      30 | 100.0
 Desolation |       0 |    7391 | 100.0 |       0 |      20 | 100.0
            +---------+---------+-------+---------+---------+-------
